 Dungeon Crawl Stone Soup version 0.27.1-3-gb3d3a73c9e (webtiles) character file.

Game seed: 6457931313147845095

7996 Urokeeper the Covert (level 11, -13/77 HPs)
             Began as an Octopode Brigand on Oct 14, 2021.
             Was a Follower of Uskayaw.
             Mangled by a troll (14 damage)
             ... on level 10 of the Dungeon.
             The game lasted 00:48:24 (11944 turns).

Urokeeper the Covert (Octopode Brigand)            Turns: 11944, Time: 00:48:25

Health: -13/77     AC:  1    Str: 10    XL:     11   Next: 24%
Magic:  11/11      EV: 17    Int: 13    God:    Uskayaw [*.....]
Gold:   466        SH:  6    Dex: 18    Spells: 10/10 levels left

rFire    + . .     SeeInvis .   q - +2 double sword
rCold    . . .     Faith    .   j - +0 buckler
rNeg     . . .     Spirit   .   (helmet restricted)
rPois    +         Reflect  .   (no amulet)
rElec    .         Harm     .   o - ring of protection from fire
rCorr    .         Rampage  .   (no ring)
Will     .....                  (no ring)
Stlth    ++++++....             (no ring)
HPRegen  0.22/turn              (no ring)
MPRegen  0.12/turn              (no ring)
                                (no ring)
                                (no ring)

@: no status effects
A: almost no armour, amphibious, 8 rings, camouflage 1, gelatinous body 1,
(nimble swimmer 1), tentacles, poison resistance
a: Renounce Religion, Stomp


You were on level 10 of the Dungeon.
You worshipped Uskayaw.
Uskayaw was noncommittal.
You visited 3 branches of the dungeon, and saw 12 of its levels.

You collected 466 gold pieces.

Inventory:

Hand Weapons
 a - a +2 dagger
 l - a +1 dagger of speed
 p - a +5 falchion of electrocution
 q - a +2 double sword (weapon)
Missiles
 b - 42 poisoned darts (quivered)
 r - 6 javelins
 u - 6 silver boomerangs
Armour
 j - a +0 buckler (worn)
Jewellery
 o - a ring of protection from fire (left tentacle)
Wands
 g - a wand of acid (9)
 m - a wand of flame (59)
 t - a wand of polymorph (24)
 v - a wand of mindburst (12)
 w - a wand of iceblast (6)
Scrolls
 d - 3 scrolls of noise
 f - a scroll of vulnerability
 h - a scroll of immolation
 k - a scroll of fog
 s - 3 scrolls of amnesia
Potions
 e - 2 potions of invisibility {unknown}
 i - a potion of curing
 n - 2 potions of flight
 x - a potion of haste


   Skills:
 - Level 7.9 Fighting
 - Level 7.9(8.1) Short Blades
 + Level 2.3(5.5) Long Blades
 - Level 2.0 Throwing
 - Level 7.7 Dodging
 - Level 11.8 Stealth
 - Level 7.2 Shields


You had 10 spell levels left.
You didn't know any spells.
Your spell library contained the following spells:

 Spells                   Type           Power      Damage    Failure   Level
 Foxfire                  Conj/Fire      0%         2x1d4     30%         1
 Magic Dart               Conj           0%         1d3       30%         1
 Sandblast                Erth           0%         2d4       30%         1
 Shock                    Conj/Air       0%         1d3       30%         1
 Sting                    Tmut/Pois      0%         1d3       30%         1
 Passwall                 Tmut/Erth      0%         N/A       43%         2
 Poisonous Vapours        Pois/Air       0%         N/A       43%         2
 Searing Ray              Conj           0%         3d3       43%         2
 Conjure Flame            Conj/Fire      0%         6-21      67%         3
 Inner Flame              Hex/Fire       0%         N/A       67%         3
 Swiftness                Air            0%         N/A       67%         3
 Airstrike                Air            0%         N/A       97%         4
 Fulminant Prism          Conj/Hex       0%         3d6       97%         4
 Olgreb's Toxic Radiance  Pois           0%         N/A       97%         4
 Lee's Rapid Deconstruct  Erth           0%         3d5*      100%        5


Dungeon Overview and Level Annotations

Branches:
Dungeon (10/15)            Temple (1/1) D:5            Lair (1/6) D:9
    Orc: D:9-12

Altars:
Ashenzari
Cheibriados
Dithmenos
Elyvilon
Fedhas
Gozag
Hepliaklqana
Makhleb
Nemelex Xobeh
Okawaru
Qazlal
Ru
Sif Muna
Trog
Uskayaw
Vehumet
Wu Jian
Xom
Yredelemnul
Zin
The Shining One
Lugonu

Shops:
D:1 (

Portals:
Abyss: D:3

Annotations:
D:6 1 runed translucent door, pkoi's ghost, novice MiGl
D:8 exclusion: hydra


Innate Abilities, Weirdness & Mutations

You cannot wear most types of armour.
You are amphibious.
You can wear up to eight rings at the same time.
Your skin changes colour to match your surroundings (Stealth+).
Your rubbery body absorbs attacks. (AC +1, EV +1)
((You are camouflaged near water. (Stealth+)))
You have tentacles for arms and can constrict up to eight enemies at once.
Your system is resistant to poisons. (rPois)


Message History

There is an open door here.
A troll comes into view.
Found 15 gold pieces.
You see here a +0 hunting sling.
The helpless troll fails to defend itself.
You slash the troll! You squeeze the troll!
The troll is heavily wounded.
The troll barely misses you. The troll claws you! The troll barely misses you.
The troll closely misses you. The troll misses you.
The troll completely misses you.
You closely miss the troll.
The troll is moderately wounded.
The troll bites you! The troll closely misses you. The troll claws you!
You barely miss the troll.
The troll is moderately wounded.
The troll misses you. The troll claws you! The troll barely misses you.
You are too injured to fight recklessly!
You are too injured to fight recklessly!
You are too injured to fight recklessly!
Throw: 2 darts (curare)
Press: ? - help, Q - select action, (/) - cycle Shift-Dir - straight line, f - troll
Aim: a troll (moderately wounded, 65% to hit)
You throw a curare-tipped dart.
The curare-tipped dart barely misses the troll.
The troll misses you. The troll barely misses you. The troll claws you!
Throw: dart (curare)
Press: ? - help, Q - select action, (/) - cycle Shift-Dir - straight line, f/p - troll
Aim: a troll (moderately wounded, 65% to hit)
You throw a curare-tipped dart.
The curare-tipped dart barely misses the troll.
The troll bites you!
* * * LOW HITPOINT WARNING * * *
The troll closely misses you. The troll misses you.
A troll is nearby!
As you read the scroll of fear, it crumbles to dust.
You assume a fearsome visage.
The troll resists with some effort.
The troll barely misses you. The troll claws you!
* * * LOW HITPOINT WARNING * * *
The troll claws you!
You die...

...###'#####.......#
##+###.....#.......#
...........#.......#
...........#.......#
...........#.......#
...........#....)..#
##..#####+##.......#
##..####...#.......#
...........#....@..#
...........+...T...#
...........#.......#
...........#.....$.#
...........#.......#
........)..#.......#
############.......#
........#


You could see a troll.

Vanquished Creatures
  A two-headed ogre (D:8)
  Urug (D:10)
  Pikel (D:4)
  An ugly thing (D:8)
  Grinder (D:6)
  Sigmund (D:6)
  Eustachio (D:4)
  9 yaks
  2 wyverns (D:8)
  2 water moccasins
  An orc warrior (Lair:1)
  2 black bears
  4 ice beasts
  4 ogres
  2 centaurs
  4 phantoms
  2 kobold brigands
  Blork the orc (D:4)
  2 bullfrogs
  2 gnoll sergeants
  5 scorpions
  A wyvern zombie (D:8)
  A water moccasin zombie (D:6)
  6 killer bees
  2 water moccasin skeletons
  4 wights
  A howler monkey (D:5)
  A lava snake (D:7)
  A centaur zombie (D:5)
  A jelly (D:8)
  2 orc priests
  3 bullfrog skeletons
  A gnoll shaman (D:5)
  2 hounds
  Jessica (D:2)
  2 iguanas (D:6)
  Ijyb (D:4)
  An orc wizard (D:7)
  2 howler monkey zombies
  8 adders
  12 gnolls
  3 river rats (D:5)
  A howler monkey skeleton (D:7)
  A shadow imp (D:6)
  A white imp (D:8)
  A worm (D:4)
  3 dart slugs
  22 orcs
  6 ball pythons
  4 bats
  6 endoplasms
  4 giant cockroaches
  5 hobgoblins
  5 jackals
  14 kobolds
  2 quokkas
  2 frilled lizards
  7 goblins
  4 rats
193 creatures vanquished.

Vanquished Creatures (others)
  A fungus (Lair:1)
1 creature vanquished.

Grand Total: 194 creatures vanquished

Notes
Turn   | Place    | Note
-------+----------+-------------------------------------------
     0 | D:1      | Urokeeper the Octopode Brigand began the quest for the Orb.
     0 | D:1      | Reached XP level 1. HP: 14/14 MP: 1/1
    30 | D:1      | Found Haicyttae's Antique Weapon Emporium.
   291 | D:1      | Reached XP level 2. HP: 19/19 MP: 2/2
  1156 | D:2      | Reached XP level 3. HP: 25/25 MP: 3/3
  1158 | D:2      | Noticed Jessica
  1205 | D:2      | Killed Jessica
  1248 | D:2      | Noticed a scorpion
  1257 | D:2      | Killed a scorpion
  1258 | D:2      | Reached skill level 6 in Stealth
  1258 | D:2      | Reached XP level 4. HP: 21/31 MP: 4/4
  1405 | D:2      | Found a faded altar of an unknown god.
  1424 | D:2      | Reached XP level 5. HP: 36/36 MP: 5/5
  2234 | D:3      | Found a one-way gate to the infinite horrors of the Abyss.
  2294 | D:3      | Found a large runed translucent door.
  2295 | D:3      | Found a large runed translucent door.
  2665 | D:3      | Found a corrupted altar of Lugonu.
  2823 | D:4      | Reached XP level 6. HP: 42/42 MP: 6/6
  2842 | D:4      | Noticed a water moccasin
  2873 | D:4      | Killed a water moccasin
  2874 | D:4      | Reached skill level 7 in Stealth
  2926 | D:4      | Noticed Ijyb
  2929 | D:4      | Killed Ijyb
  3086 | D:4      | Found an iron altar of Okawaru.
  3127 | D:4      | Noticed Eustachio
  3141 | D:4      | Killed Eustachio
  3142 | D:4      | Reached XP level 7. HP: 48/48 MP: 7/7
  3241 | D:4      | Noticed Blork the orc
  3244 | D:4      | Reached skill level 8 in Stealth
  3261 | D:4      | Killed Blork the orc
  3409 | D:4      | Reached XP level 8. HP: 54/54 MP: 8/8
  3445 | D:4      | Noticed Pikel
  3454 | D:4      | Killed Pikel
  3455 | D:4      | Reached skill level 5 in Fighting
  3455 | D:4      | Reached skill level 5 in Short Blades
  3455 | D:4      | Reached skill level 5 in Dodging
  3455 | D:4      | Reached skill level 9 in Stealth
  3992 | D:5      | Entered Level 5 of the Dungeon
  4554 | D:5      | Found a staircase to the Ecumenical Temple.
  4712 | D:5      | Reached XP level 9. HP: 54/62 MP: 9/9
  4793 | Temple   | Entered the Ecumenical Temple
  4970 | Temple   | Became a worshipper of Uskayaw the Reveller
  5116 | D:5      | Reached * piety under Uskayaw
  5129 | D:5      | Reached ** piety under Uskayaw
  5134 | D:5      | Reached *** piety under Uskayaw
  5723 | D:5      | Reached skill level 10 in Stealth
  5726 | D:5      | Reached **** piety under Uskayaw
  6374 | D:6      | Found a runed translucent door.
  6381 | D:6      | Noticed pkoi's ghost (novice MiGl)
  6389 | D:6      | Noticed Sigmund
  6397 | D:6      | Killed Sigmund
  6406 | D:6      | Noticed Grinder
  6406 | D:6      | Paralysed by Grinder for 7 turns
  6431 | D:6      | Killed Grinder
  6933 | D:6      | Reached skill level 11 in Stealth
  6984 | D:6      | Reached XP level 10. HP: 53/71 MP: 10/10
  8173 | D:7      | Found a shimmering blue altar of Sif Muna.
  8298 | D:7      | Found a broken altar of Ashenzari.
  8329 | D:8      | Noticed a two-headed ogre
  8349 | D:8      | Killed a two-headed ogre
  9130 | D:8      | Noticed a seven-headed hydra
  9217 | D:8      | Reached skill level 1 in Shields
  9327 | D:8      | Found a snail-covered altar of Cheibriados.
  9334 | D:8      | Found a hazy altar of Hepliaklqana.
  9749 | D:9      | Found the +7 Kryia's mail coat {PotionHeal*2 rC+}
  9760 | D:9      | Found a staircase to the Lair.
  9859 | Lair:1   | Entered Level 1 of the Lair of Beasts
 10572 | D:8      | Noticed a cyan ugly thing
 10586 | D:8      | Killed a cyan ugly thing
 10587 | D:8      | Reached ***** piety under Uskayaw
 10588 | D:8      | Reached skill level 5 in Shields
 10855 | D:8      | Gained mutation: Your system is resistant to poisons.
                  | (rPois) [potion of mutation]
 11248 | D:9      | Reached XP level 11. HP: 18/77 MP: 11/11
 11699 | D:9      | Noticed a two-headed ogre
 11709 | D:10     | Entered Level 10 of the Dungeon
 11715 | D:10     | Noticed Urug
 11724 | D:10     | Killed Urug
 11759 | D:10     | Reached skill level 1 in Long Blades
 11944 | D:10     | HP: 1/77 [troll (10)]
 11944 | D:10     | Mangled by a troll

Illustrated notes

Levels and vault maps discovered:
D:1:      erik_arrival_triangle_large, layout_basic, serial_shops, shop,
          minmay_pentomino_p2
D:2:      layout_rooms, dreamdust_ecumenical_altar_grove,
          grunt_decor_one_mirror, minmay_misc_feat_x, minmay_misc_feat_iff,
          uniq_jessica
D:3:      due_chaos_kobolds, layout_loops_cross, minmay_statues_item
D:4:      layout_gridville, mainiacjoe_overflow_alcove_4, uniq_eustachio,
          uniq_ijyb, uniq_pikel, uniq_blork_the_orc
D:5:      layout_basic, lemuel_temple_firewalk_a, portal_sewer_entry_c
D:6:      layout_cave_pods, ebering_ghost_sewer_d, uniq_sigmund, uniq_grinder
D:7:      wander_river, layout_rooms, nicolae_sif_muna_little_library,
          kennysheep_little_box, kennysheep_path_1, eino_jars
D:8:      minmay_opposing_rooms, layout_rooms, minitemple
D:9:      layout_big_octagon, lair_entry_dummy, hangedman_decor_points
D:10:     layout_gridville, kiku_gazebo_garden_becter, uniq_urug
Temple:   regret_index_temple_sphere_string
Lair:1:   layout_small_grid, serial_bayou_shore_a

Skill      XL: |  1  2  3  4  5  6  7  8  9 10 11 |
---------------+----------------------------------+-----
Dodging        | 2 3 4 5 6 7 |  7.7
Fighting       | 3 4 5 7 |  7.9
Stealth        | 6 7 8 9 11 | 11.8
Short Blades   | 3 4 5 7 |  7.9
Shields        | 5 7 |  7.2
Long Blades    | 2 |  2.3
Throwing       | |  2.0

Action                   |  1- 3 |  4- 6 |  7- 9 | 10-12 || total
-------------------------+-------+-------+-------+-------++-------
Melee: Dagger            |    40 |    83 |    58 |    31 ||   212
       Constrict         |     6 |    19 |    34 |    24 ||    83
       Tentacles         |     3 |    18 |    34 |    45 ||   100
       Falchion          |       |       |    89 |   134 ||   223
       Double sword      |       |       |       |    18 ||    18
Throw: Dart              |     1 |       |    11 |     4 ||    16
  Use: Scroll            |       |     6 |     8 |    10 ||    24
       Potion            |       |       |     1 |     7 ||     8
 Stab: Sleeping          |    16 |    17 |    13 |    17 ||    63
       Distracted        |       |     1 |     3 |       ||     4
       Paralysed         |       |       |     4 |     7 ||    11
Armor: Skin              |       |     2 |     7 |    20 ||    29
Dodge: Dodged            |    16 |    32 |    91 |   130 ||   269
Block: Buckler           |       |     5 |    11 |    45 ||    61
       Rpst.: Falchion   |       |       |    17 |    31 ||    48
       Double sword      |       |       |       |     2 ||     2
